 Dungeon Crawl Stone Soup version 0.28-a0-194-g42b4daccc1 (webtiles) character file.

Game seed: 8937376865313102131

110 tilp the Sneak (level 4, 19/19 HPs)
             Began as a Felid Hedge Wizard on Aug 18, 2021.
             Quit the game on level 3 of the Dungeon.
             The game lasted 00:09:58 (7408 turns).

tilp the Sneak (Felid Hedge Wizard)                 Turns: 7408, Time: 00:09:59

Health: 19/19      AC:  1    Str:  6    XL:     4   Next: 61%
Magic:  9/9        EV: 18    Int: 17    God:
Gold:   766        SH:  0    Dex: 15    Spells: 4/9 levels left
                                        Lives:  0   Deaths: 1

rFire   . . .      SeeInvis +     - Unarmed
rCold   . . .      Faith    .   (shield unavailable)
rNeg    . . .      Spirit   .   (armour unavailable)
rPois   .          Reflect  .   (helmet unavailable)
rElec   .          Harm     .   (cloak unavailable)
rCorr   .          Rampage  .   (gloves unavailable)
Will    +....                   (boots unavailable)
Stlth   +++.......              (no amulet)
HPRegen 0.06/turn               m - ring of willpower
MPRegen 0.11/turn               (no ring)

@: quick
A: very small, claws 1, fangs 3, see invisible, speed 1, shaggy fur 1, stealthy
paws, no weapons or thrown items, no armour, multi-lived
a: no special abilities


You were on level 3 of the Dungeon.
You visited 1 branch of the dungeon, and saw 5 of its levels.

You collected 766 gold pieces.

Inventory:

Jewellery
 c - a ring of fire
 m - a ring of willpower (left paw)
Scrolls
 g - 8 scrolls of teleportation
Potions
 a - a potion of magic
 b - a potion of invisibility
 d - a potion of curing
 e - 2 potions of ambrosia
 f - a potion of attraction {unknown}
 h - 3 potions of heal wounds
 j - a potion of lignification {unknown}


   Skills:
 - Level 2.0 Fighting
 - Level 4.0 Dodging
 - Level 4.0 Stealth
 + Level 2.5 Unarmed Combat
 - Level 3.0 Spellcasting
 + Level 2.4 Conjurations
 + Level 1.4 Summonings
 - Level 1.5 Translocations


You had 4 spell levels left.
You knew the following spells:

 Your Spells              Type           Power      Damage    Failure   Level
a - Magic Dart            Conj           40%        1d5       6%          1
b - Call Imp              Summ           7%         N/A       14%         2
c - Blink                 Tloc           N/A        N/A       14%         2

Your spell library contained the following spells:

 Spells                   Type           Power      Damage    Failure   Level
 Foxfire                  Conj/Fire      24%        2x1d5     11%         1
 Slow                     Hex            2%         N/A       26%         2
 Conjure Flame            Conj/Fire      6%         6-21      32%         3
 Mephitic Cloud           Conj/Pois/Air  5%         N/A       36%         3
 Inner Flame              Hex/Fire       2%         N/A       45%         3


Dungeon Overview and Level Annotations

Branches:
Dungeon (5/15)
 Temple: D:4-7

Altars:

Shops:
D:1 :

Annotations:
D:4 exclusions: orc wizard and phantom


Innate Abilities, Weirdness & Mutations

You have sharp claws.
You have razor-sharp teeth.
You have supernaturally acute eyesight. (SInv)
You cover ground quickly. (Speed+)
You are covered in fur. (AC +1)
Your paws help you pounce on unaware monsters.
You are incapable of wielding weapons or throwing items.
You cannot wear armour.
You gain extra lives every three experience levels.


Message History

The ufetubus barely misses you.
There is a stone staircase leading up here.
You climb upwards.
There is a stone staircase leading down here.
The ufetubus barely misses you. The ufetubus closely misses you.
The ufetubus misses you. x2
Casting: Call Imp (safe; 14% risk of failure)
Confirm with . or Enter, or press ? or * to list all spells.
You miscast Call Imp.
You are very lightly contaminated with residual magic.
Nothing appears to happen.
The ufetubus hits you.
* * * LOW HITPOINT WARNING * * *
The ufetubus hits you.
* * * LOW HITPOINT WARNING * * *
The ufetubus closely misses you. x2
The ufetubus barely misses you. The ufetubus closely misses you.
Your magical contamination has completely faded away.
The ufetubus completely misses you. The ufetubus misses you.
The ufetubus misses you. The ufetubus hits you.
* * * LOW HITPOINT WARNING * * *
The ufetubus barely misses you. The ufetubus misses you.
Casting: Call Imp (safe; 14% risk of failure)
Confirm with . or Enter, or press ? or * to list all spells.
A beastly little devil appears in a puff of flame.
The ufetubus hits you.
* * * LOW HITPOINT WARNING * * *
The ufetubus completely misses you. The ufetubus misses you.
The ufetubus completely misses you.
Your crimson imp blinks!
The ufetubus completely misses you. The ufetubus misses you.
The ufetubus barely misses you. The ufetubus misses you. The ufetubus hits you.
You die...
The ufetubus hits you.
You are now level 4!
You rejoin the land of the living...
Unknown command.
Unknown command.
Unknown command.
Are you sure you want to abandon this character and quit the game? (Confirm with "yes".)

...##.#
#.o..#.............#
...##.#
##.#.##.############
...##.########.#.##.#
.####...o......#....#
.# ############.##.#
># #.##.# .# #.##.#
.############ #.##.#
............# #@##.#
.##########.# #.##.#
......#####.####.##.#
#####...............#
#################


There were no monsters in sight!

Vanquished Creatures
  An adder skeleton (D:4)
  2 dart slugs
  7 orcs
  5 ball pythons
  4 bats
  6 endoplasms
  2 giant cockroaches
  3 hobgoblins
  2 jackals
  6 kobolds
  2 quokkas
  5 frilled lizards
  8 goblins
  4 rats
57 creatures vanquished.

Vanquished Creatures (collateral kills)
  2 scorpions
  A bullfrog skeleton (D:4)
  An iguana (D:4)
  A gnoll (D:1)
  4 adders
  3 worms
  An orc (D:3)
  An endoplasm (D:2)
  2 hobgoblins
  3 jackals
  A kobold (D:3)
  A bat (D:2)
21 creatures vanquished.

Grand Total: 78 creatures vanquished

Notes
Turn   | Place    | Note
-------+----------+-------------------------------------------
     0 | D:1      | tilp the Felid Hedge Wizard began the quest for the Orb.
     0 | D:1      | Reached XP level 1. HP: 7/7 MP: 5/5
   192 | D:1      | Reached skill level 1 in Unarmed Combat
   721 | D:1      | Reached XP level 2. HP: 11/11 MP: 4/7
   773 | D:1      | Found Dacwuxoh's Book Emporium.
   806 | D:1      | Learned a level 2 spell: Call Imp
   809 | D:1      | Learned a level 2 spell: Blink
   832 | D:1      | Reached skill level 1 in Conjurations
  1476 | D:1      | Reached XP level 3. HP: 14/14 MP: 6/8
  3300 | D:3      | Reached skill level 1 in Fighting
  3301 | D:3      | Reached XP level 4. HP: 12/19 MP: 5/9
  3430 | D:3      | Noticed a scorpion
  3441 | D:3      | Killed a scorpion
  5106 | D:4      | Noticed a scorpion
  5122 | D:4      | Killed a scorpion
  5123 | D:4      | Reached XP level 5. HP: 22/22 MP: 0/10
  6725 | D:4      | Noticed a phantom
  7326 | D:3      | Identified a scroll of acquirement
  7326 | D:3      | Acquired 665 gold pieces
  7341 | D:5      | Entered Level 5 of the Dungeon
  7407 | D:3      | Slain by an ufetubus
  7408 | D:3      | Reached XP level 4. HP: -2/19 MP: 9/9
  7408 | D:3      | Quit the game

Illustrated notes

Levels and vault maps discovered:
D:1:      evilmike_arrival_fibonacci_small, layout_loops_ring, serial_shops,
          shop
D:2:      layout_loops_ring, minmay_split_cup_large
D:3:      layout_loops_ring
D:4:      kennysheep_spiral_hall, layout_layer_cave
D:5:      layout_cave_pods, chequers_temple_overflow_statue_of_worship,
          minmay_temple_entry_enclosed_plants, serial_column_ruins,
          column_ruins_square_small, column_ruins_square_medium,
          column_ruins_columns_straight, column_ruins_open_tiny,
          column_ruins_open_small_water, column_ruins_columns_corner,
          column_ruins_open_tiny

Skill      XL: |  1  2  3  4 |
---------------+-------------+-----
Unarmed Combat | 1 2 |  2.5
Conjurations   | 1 2 |  2.4
Stealth        | 3 4 |  4.0
Dodging        | 3 4 |  4.0
Fighting       | 1 2 |  2.0
Spellcasting   | |  3.0
Summonings     | |  1.4
Translocations | |  1.5

Action                   |  1- 3 |  4- 6 || total
-------------------------+-------+-------++-------
Melee: Unarmed           |    49 |    15 ||    64
       Bite              |     3 |     1 ||     4
 Cast: Magic Dart        |    79 |    66 ||   145
       Call Imp          |    16 |    41 ||    57
       Blink             |     1 |       ||     1
  Use: Scroll            |     6 |     4 ||    10
       Potion            |     1 |       ||     1
 Stab: Sleeping          |     1 |       ||     1
Armor: Skin              |     7 |     3 ||    10
Dodge: Dodged            |    62 |    49 ||   111

Table legend: (Time is in decaauts)
 A = Elapsed time spent in this place.
 B = Non-inter-level travel time spent in this place.
 C = Inter-level travel time spent in this place.
 D = Time resting spent in this place.
 E = Time spent auto-exploring this place.
 F = Levels seen in this place.
 G = Mean time per level.
                   A        B        C        D        E       F      G
               +--------+--------+--------+--------+--------+-----+--------+
         Total |   6760 |   6610 |    150 |   2268 |   3651 |   5 | 1352.0 |
       Dungeon |   6760 |   6610 |    150 |   2268 |   3651 |   5 | 1352.0 |
               +--------+--------+--------+--------+--------+-----+--------+

Top non-repeatable levels by time:
     D:4: 2438 daAuts
     D:2: 1555 daAuts
     D:1: 1397 daAuts
     D:3: 1365 daAuts
     D:5: 4 daAuts
